 Dungeon Crawl Stone Soup version 0.30-a0-371-gad7725a93e (webtiles) character file.

Game seed: 7555486032959889863

2351 oldriver the Thaumaturge (level 9, -5/74 HPs)
             Began as a Mummy Necromancer on Nov 21, 2022.
             Was an Initiate of Hepliaklqana.
             Slain by an eight-headed hydra (13 damage)
             ... on level 8 of the Dungeon.
             The game lasted 00:12:25 (9074 turns).

oldriver the Thaumaturge (Mummy Necromancer)        Turns: 9074, Time: 00:12:26

Health: -5/74      AC:  7    Str: 11    XL:     9   Next: 20%
Magic:  11/23      EV: 11    Int: 18    God:    Hepliaklqana [......]
Gold:   45         SH:  3    Dex: 13    Spells: 2/28 levels left

rFire   x . .      SeeInvis +    r - +3 spear (flame)
rCold   + . .      Faith    +    t - +0 buckler
rNeg    + + +      Spirit   .    a - +0 robe
rPois   ∞          Reflect  .    l - +1 helmet
rElec   .          Harm     .    i - +2 cloak of the Thief {*Fog Slay-2 SInv Stlth+}
rCorr   .          Rampage  .    (no gloves)
Will    +....                    (no boots)
Stlth   +++.......               q - amulet of magic regeneration
HPRegen 0.32/turn                (no ring)
MPRegen 0.58/turn                (no ring)

@: about to teleport, slowed, very slow
A: cold resistance 1, negative energy resistance 3, torment resistance 2, heat
vulnerability 1, in touch with death 1, no potions, faith
a: Renounce Religion


You were on level 8 of the Dungeon.
You worshipped Hepliaklqana.
Hepliaklqana was noncommittal.
You visited 2 branches of the dungeon, and saw 9 of its levels.

You collected 350 gold pieces.
You spent 305 gold pieces at shops.

Inventory:

Hand Weapons
 r - a +3 spear of flaming (weapon)
 s - a +2 vorpal flail
Armour
 a - a +0 robe (worn)
 i - the +2 cloak of the Thief (worn) {*Fog Slay-2 SInv Stlth+}
   (You bought it in a shop on level 3 of the Dungeon)

   It may release a thick cloud of smoke when the wearer is hurt.
   Slay:      It affects your accuracy & damage with ranged weapons and melee
   (-2).
   SInv:      It lets you see invisible.
   Stlth:     It makes you more stealthy.
 l - a +1 helmet (worn)
 n - the +2 scale mail of Resourcefulness {Harm Int+4 SInv}
   (You found it on level 5 of the Dungeon)

   Int:       It affects your intelligence (+4).
   SInv:      It lets you see invisible.
   Harm:      It increases damage dealt and taken.
 t - a +0 buckler (worn)
Jewellery
 q - an amulet of magic regeneration (around neck)
Wands
 j - a wand of flame (53)
 o - a wand of light (6)
Scrolls
 b - a scroll of fog
 c - 2 scrolls of immolation
 d - 3 scrolls of teleportation
 e - 2 scrolls of amnesia
 f - a scroll of noise
 g - a scroll of blinking
 h - a scroll of vulnerability
 k - 2 scrolls of enchant weapon
 p - a scroll of magic mapping


   Skills:
 + Level 7.9 Fighting
 - Level 1.5 Dodging
 - Level 1.5 Stealth
 + Level 10.0 Spellcasting
 - Level 4.0 Necromancy
 + Level 3.9 Air Magic


You had 2 spell levels left.
You knew the following spells:

 Your Spells              Type           Power      Damage    Failure   Level
a - Necrotise             Necr           100%       1d9       1%          1
b - Vampiric Draining     Necr           35%        2d8       6%          3
c - Animate Dead          Necr           35%        N/A       21%         4
d - Passwall              Tmut/Erth      7%         N/A       16%         2
e - Swiftness             Air            23%        N/A       6%          3
l - Lightning Bolt        Conj/Air       8%         1d20      80%         5
p - Airstrike             Air            11%        2d(2-18)  22%         4
s - Summon Lightning Spi  Summ/Air       16%        N/A       43%         4

Your spell library contained the following spells:

 Spells                   Type           Power      Damage    Failure   Level
 Ensorcelled Hibernation  Hex/Ice        18%        N/A       16%         2
 Kindle Blastsparks       Fire/Tloc/Air  26%        2d12      19%         3
 Ignite Poison            Fire/Tmut/Pois 9%         N/A       32%         3
 Inner Flame              Hex/Fire       9%         N/A       32%         3
 Agony                    Necr           35%        N/A       50%         5
 Cause Fear               Hex            4%         N/A       71%         4
 Freezing Cloud           Conj/Ice/Air   6%         6-21      87%         5
 Discord                  Hex            4%         N/A       100%        8


Dungeon Overview and Level Annotations

Branches:
Dungeon (8/15)             Temple (1/1) D:6
   Lair: D:8-11

Altars:
Ashenzari
Dithmenos
Fedhas
Hepliaklqana
Kikubaaqudgha
Nemelex Xobeh
Okawaru
Qazlal
Ru
Sif Muna
Trog
Uskayaw
Vehumet
Wu Jian
Xom

Shops:
D:3 !?*[

Annotations:
D:8 4 runed translucent doors, Amaemon, Erica


Innate Abilities, Weirdness & Mutations

You are immune to poison.
Your flesh is cold resistant. (rC+)
You are immune to negative energy. (rN+++)
You are immune to unholy pain and torment.
You are vulnerable to heat. (rF-)
You are in touch with the powers of death.
You do not drink.
You have a special connection with the divine. (Faith)


Message History

Press: ? - help, Shift-Dir - straight line, f/p - yak
Aim: a yak (grey smoke, lightly wounded)
You feel a surge of power!
You draw life force from the yak!
You feel life coursing into your body. The yak barely misses you.
You block the yak's attack.
An eight-headed hydra comes into view.
Casting: Vampiric Draining (dangerous; 6% risk of failure)
Confirm with . or Enter, or press ? or * to list all spells.
Aiming: Vampiric Draining (dangerous; 6% risk of failure)
Press: ? - help, Shift-Dir - straight line, f/p - yak
Aim: a yak (grey smoke, heavily wounded)
You feel a surge of power!
You draw life force from the yak!
You feel life coursing into your body.
As you read the scroll of teleportation, it crumbles to dust.
You feel strangely unstable.
You block the eight-headed hydra's attack.
The eight-headed hydra bites you! x2
You block the eight-headed hydra's attack.
The eight-headed hydra closely misses you. x3
The eight-headed hydra bites you!
* * * LOW HITPOINT WARNING * * *
With a swish of your cloak, you release a cloud of fog.
Casting: Vampiric Draining (dangerous; 6% risk of failure)
Confirm with . or Enter, or press ? or * to list all spells.
Aiming: Vampiric Draining (dangerous; 6% risk of failure)
Press: ? - help, Shift-Dir - straight line, f - eight-headed hydra, p - yak
Aim: an eight-headed hydra (grey smoke)
You feel a surge of power!
You draw life force from the eight-headed hydra.
You feel life coursing into your body.
You block the eight-headed hydra's attack.
The eight-headed hydra bites you.
* * * LOW HITPOINT WARNING * * *
The eight-headed hydra bites you.
* * * LOW HITPOINT WARNING * * *
The eight-headed hydra bites you!
* * * LOW HITPOINT WARNING * * *
With a swish of your cloak, you release a cloud of fog.
The eight-headed hydra bites you!
You die...

#.#8....8#
#.#$....|#
#.#)....!#
#.#8....8#
#.##8.D8#####
#..##++##.'.##
##...[....##.#
########.#§####o#
#.##§@DY#
#..###### ##..
##. ##


You could see an eight-headed hydra and a yak.

Vanquished Creatures
  Sigmund (D:3)
  2 ice beasts (D:6)
  4 orc warriors
  An ogre (D:5)
  A kobold brigand (D:6)
  2 bullfrogs (D:7)
  A gnoll sergeant (D:7)
  3 scorpions
  3 wights (D:7)
  3 hounds
  4 orc priests
  A gnoll bouda (D:4)
  Natasha (thrice) (D:3)
  5 iguanas
  10 orc wizards
  8 adders
  7 gnolls
  2 white imps (D:6)
  A worm (D:2)
  A dart slug (D:2)
  19 orcs
  8 endoplasms
  6 giant cockroaches
  3 goblins
  6 hobgoblins
  3 jackals (D:3)
  9 kobolds
  4 quokkas
  6 ball pythons
  7 bats
  2 frilled lizards
  3 rats
139 creatures vanquished.

Vanquished Creatures (collateral kills)
  A white imp (D:6)
  3 orcs
  A kobold (D:6)
  A rat (D:3)
6 creatures vanquished.

Vanquished Creatures (others)
  3 plants
3 creatures vanquished.

Grand Total: 148 creatures vanquished

Notes
Turn   | Place    | Note
-------+----------+-------------------------------------------
     0 | D:1      | oldriver the Mummy Necromancer began the quest for the Orb.
     0 | D:1      | Reached XP level 1. HP: 13/13 MP: 4/4
   109 | D:1      | Reached skill level 3 in Spellcasting
   155 | D:1      | Reached skill level 1 in Fighting
   209 | D:1      | Reached XP level 2. HP: 21/21 MP: 3/6
  1612 | D:2      | Gained mutation: You are in touch with the powers of death.
                  | [Mummy growth]
  1612 | D:2      | Reached XP level 3. HP: 27/27 MP: 6/8
  2049 | D:2      | Reached skill level 4 in Spellcasting
  2269 | D:3      | Noticed Sigmund
  2285 | D:3      | Killed Sigmund
  2286 | D:3      | Reached skill level 5 in Spellcasting
  2286 | D:3      | Reached XP level 4. HP: 12/37 MP: 0/11
  2286 | D:3      | Reached XP level 5. HP: 14/42 MP: 0/12
  2393 | D:3      | Found Nychug's Armour Emporium.
  2540 | D:3      | Found Riqeaneo's General Store.
  2588 | D:3      | Found Zoommith's Magic Scroll Shoppe.
  2601 | D:3      | Bought a scroll of identify for 24 gold pieces
  2618 | D:3      | Noticed Natasha
  2622 | D:3      | Killed Natasha
  2651 | D:3      | Noticed Natasha
  2658 | D:3      | Killed Natasha
  2659 | D:3      | Reached XP level 6. HP: 42/48 MP: 8/14
  2704 | D:3      | Found Faumno's Distillery.
  2824 | D:3      | Found a sacrificial altar of Ru.
  2904 | D:3      | Noticed Natasha
  2910 | D:3      | Learned a level 3 spell: Vampiric Draining
  2915 | D:3      | Learned a level 4 spell: Animate Dead
  2921 | D:3      | Killed Natasha
  2944 | D:3      | Found a blossoming altar of Fedhas.
  2959 | D:3      | Found a shadowy altar of Dithmenos.
  3047 | D:4      | Reached skill level 6 in Spellcasting
  3774 | D:5      | Entered Level 5 of the Dungeon
  3872 | D:5      | Noticed an orc warrior
  3887 | D:5      | Killed an orc warrior
  3888 | D:5      | Reached skill level 5 in Fighting
  3888 | D:5      | Reached XP level 7. HP: 55/56 MP: 10/17
  3988 | D:5      | Reached skill level 7 in Spellcasting
  4116 | D:5      | HP: 2/56 [gnoll bouda/+0 club (11)]
  4493 | D:5      | Identified the +2 scale mail of Resourcefulness {Harm Int+4
                  | SInv}
  4827 | D:6      | Reached skill level 8 in Spellcasting
  4830 | D:6      | Learned a level 2 spell: Passwall
  4834 | D:6      | Learned a level 3 spell: Swiftness
  4839 | D:6      | Learned a level 4 spell: Airstrike
  4844 | D:6      | Learned a level 4 spell: Summon Lightning Spire
  4938 | D:6      | Found a stormy altar of Qazlal.
  4960 | D:6      | Reached skill level 1 in Air Magic
  4960 | D:6      | Reached XP level 8. HP: 60/64 MP: 13/20
  5408 | D:6      | Found a sparkling altar of Nemelex Xobeh.
  5462 | D:6      | Found an ancient bone altar of Kikubaaqudgha.
  6152 | D:6      | Found a staircase to the Ecumenical Temple.
  6274 | D:6      | Reached skill level 9 in Spellcasting
  6277 | Temple   | Entered the Ecumenical Temple
  6388 | Temple   | Became a worshipper of Hepliaklqana the Forgotten
  7922 | D:7      | Reached XP level 9. HP: 72/72 MP: 20/22
  8582 | D:3      | Bought the +2 cloak of the Thief {*Fog Slay-2 SInv Stlth+}
                  | for 281 gold pieces
  8582 | D:3      | Found the +2 cloak of the Thief {*Fog Slay-2 SInv Stlth+}
  8681 | D:7      | Learned a level 5 spell: Lightning Bolt
  9016 | D:8      | Reached skill level 10 in Spellcasting
  9037 | D:8      | Noticed Erica
  9044 | D:8      | Noticed Amaemon
  9046 | D:8      | Found a large runed translucent door.
  9046 | D:8      | Found a large runed translucent door.
  9048 | D:8      | Found a large runed translucent door.
  9048 | D:8      | Found a large runed translucent door.
  9049 | D:8      | Noticed a six-headed hydra
  9072 | D:8      | Noticed an eight-headed hydra
  9074 | D:8      | Slain by an eight-headed hydra

Illustrated notes

Levels and vault maps discovered:
D:1:      doesnt_arrival_eight_statues, layout_basic, serial_forest,
          infiniplex_forest_clump_curved, infiniplex_forest_end_2,
          infiniplex_forest_lined_4_way, infiniplex_forest_lined_3,
          infiniplex_forest_corner_1, infiniplex_forest_lined_room_2,
          infiniplex_forest_clump_small, infiniplex_forest_zigzag_1,
          minmay_misc_feat_x
D:2:      layout_basic, minmay_misc_feat_five
D:3:      layout_rooms, nicolae_ru_the_path_less_chosen,
          minmay_overflow_temple_star_quad, serial_shops, shop_fountains, shop,
          shop_fountains, nicolae_square_shop, uniq_natasha, uniq_sigmund
D:4:      layout_cave_pools, grunt_decor_one_mirror, supply_closet_lemuel
D:5:      layout_cave_pools
D:6:      layout_loops_ring, mainiacjoe_overflow_six_doors_small,
          nicolae_elyvilon_temple_path, mainiacjoe_overflow_catwalk,
          nemelex_spade_bored_becter, minmay_temple_entry_nine_rooms,
          dk_noncrumbling_4, minmay_curled_crystal
D:7:      layout_loops_ring, kennysheep_diamond
D:8:      layout_cave_pools, makhleb_grotto_becter,
          mainiacjoe_overflow_cross_hatched, david_lair_shrubbed,
          nicolae_ossuary_entry_plus, serial_shops, nicolae_take_the_stairs,
          minmay_hollow_rounded_squares, uniq_amaemon, uniq_erica, uniq_joseph
Temple:   nicolae_temple_ecumenical_triangle

Skill      XL: |  1  2  3  4  5  6  7  8  9 |
---------------+----------------------------+-----
Spellcasting   | 3 5 6 8 9 10 | 10.0
Fighting       | 1 3 4 5 6 7 |  7.9
Air Magic      | 1 3 |  3.9
Dodging        | |  1.5
Stealth        | |  1.5
Necromancy     | |  4.0

Action                   |  1- 3 |  4- 6 |  7- 9 || total
-------------------------+-------+-------+-------++-------
Melee: Unarmed           |     9 |       |       ||     9
       Dagger            |     1 |     1 |    93 ||    95
       Spear             |       |       |    59 ||    59
       Punch             |       |       |     2 ||     2
 Cast: Necrotise         |    80 |    72 |   169 ||   321
       Vampiric Draining |       |       |    30 ||    30
       Airstrike         |       |       |     1 ||     1
Evoke: Wand              |       |       |     2 ||     2
  Use: Scroll            |       |     4 |     9 ||    13
Armor: Robe              |     7 |       |    46 ||    53
Dodge: Dodged            |    22 |     8 |   142 ||   172
Block: Buckler           |       |       |    13 ||    13

Table legend: (Time is in decaauts)
 A = Elapsed time spent in this place.
 B = Non-inter-level travel time spent in this place.
 C = Inter-level travel time spent in this place.
 D = Time resting spent in this place.
 E = Time spent auto-exploring this place.
 F = Levels seen in this place.
 G = Mean time per level.
                   A        B        C        D        E       F      G
               +--------+--------+--------+--------+--------+-----+--------+
         Total |   9106 |   8631 |    475 |   1352 |   5927 |   9 | 1011.8 |
       Dungeon |   8983 |   8522 |    461 |   1352 |   5825 |   8 | 1122.9 |
        Temple |    122 |    108 |     14 |      0 |    102 |   1 |  122.0 |
               +--------+--------+--------+--------+--------+-----+--------+

Top non-repeatable levels by time:
     D:6: 2271 daAuts
     D:7: 1672 daAuts
     D:1: 1494 daAuts
     D:4: 985 daAuts
     D:2: 873 daAuts
     D:5: 856 daAuts
     D:3: 708 daAuts
  Temple: 122 daAuts
     D:8: 121 daAuts
